[Event "8th Mersin Open 2024"]
[Site "Mersin"]
[Date "2024.11.12"]
[Round "4"]
[White "Khalili, Saeid"]
[Black "Gulden, Egemen"]
[Result "1-0"]
[ECO "E43"]
[WhiteElo "2066"]
[BlackElo "2084"]
[Annotator "NA RC"]
[PlyCount "95"]
[EventDate "2024.11.10"]
[EventType "swiss"]
[EventCountry "TUR"]
[SourceTitle "playchess.com"]
[Source "ChessBase"]
[SourceQuality "1"]
[TimeControl "5400+30"]

1. d4 Nf6 2. Nf3 b6 3. c4 Bb7 4. Nc3 e6 5. e3 Bb4 6. Qb3 Bxc3+ 7. bxc3 O-O 8. Bd3 Ne4 9. O-O f5 $11 10. Qc2 Qf6 11. Rb1 d6 12. Nd2 Qg6 13. f3 Ng5 14. Ba3 Nd7 15. Rbe1 Rf6 16. Kh1 Qh5 17. Rf2 Rh6 18. Nf1 Nxf3 19. gxf3 Bxf3+ 20. Rxf3 Qxf3+ 21. Qg2 Qxg2+ 22. Kxg2 Rf8 23. Bc1 e5 24. Ng3 e4 25. Be2 g5 26. Rf1 Rhf6 27. Nh5 R6f7 28. c5 d5 29. c6 Nb8 30. Ba3 Rd8 31. c4 Nxc6 32. cxd5 Na5 33. Bb4 Nb7 34. Ng3 a5 35. Ba3 Nd6 36. Bxd6 cxd6 37. Nxf5 Rc7 38. a4 Rc3 39. Rf2 Ra3 40. Bd1 h5 41. Bxh5 Rxa4 42. Ne7+ Kg7 43. Rf7+ Kh6 44. Bg6 Rh8 45. Bxe4 g4 46. Kg3 Ra1 47. Kh4 Rg1 48. Ng8+ 1-0

[Event "8th Mersin Open 2024"]
[Site "Mersin"]
[Date "2024.11.12"]
[Round "4"]
[White "Primbetov, Kazbek"]
[Black "Bayramov, Vugar"]
[Result "1-0"]
[ECO "E73"]
[WhiteElo "2059"]
[BlackElo "2133"]
[Annotator "NA RC"]
[PlyCount "73"]
[EventDate "2024.11.10"]
[EventType "swiss"]
[EventCountry "TUR"]
[SourceTitle "playchess.com"]
[Source "ChessBase"]
[SourceQuality "1"]
[TimeControl "5400+30"]

1. d4 Nf6 2. c4 g6 3. Nc3 Bg7 4. e4 d6 5. Be2 O-O 6. Be3 e5 7. d5 a5 8. h4 Na6 9. h5 Nc5 10. Qc2 c6 11. h6 Bh8 12. Nh3 cxd5 13. cxd5 b6 14. f3 Bd7 15. g4 Rc8 16. Qd2 Qe8 17. Nf2 b5 18. Rc1 b4 19. Ncd1 Bb5 20. Bxc5 Rxc5 21. Rxc5 dxc5 22. Ne3 Bxe2 23. Kxe2 Qd7 24. Rc1 Rc8 25. Nd3 Qe7 26. Nc4 Nd7 27. g5 f6 28. Nxa5 fxg5 29. Nc6 Qf6 30. Nf2 Rf8 31. Qd3 Qf4 32. Rc2 Nf6 33. d6 g4 34. Ne7+ Kf7 35. Qb3+ Ke8 36. Qe6 Qxf3+ 37. Kf1 1-0

[Event "8th Mersin Open 2024"]
[Site "Mersin"]
[Date "2024.11.12"]
[Round "4"]
[White "Turker, Esat Tuna"]
[Black "Mohannad, Farhan"]
[Result "1/2-1/2"]
[ECO "A96"]
[WhiteElo "2050"]
[BlackElo "2115"]
[Annotator "NA RC"]
[PlyCount "98"]
[EventDate "2024.11.10"]
[EventType "swiss"]
[EventCountry "TUR"]
[SourceTitle "playchess.com"]
[Source "ChessBase"]
[SourceQuality "1"]
[TimeControl "5400+30"]

1. Nf3 e6 2. g3 f5 3. Bg2 Nf6 4. O-O Be7 5. c4 O-O 6. Nc3 d6 7. d4 Ne4 8. Nxe4 fxe4 9. Nd2 d5 10. f3 Nc6 $14 11. fxe4 Rxf1+ 12. Nxf1 dxc4 13. Be3 e5 14. d5 Na5 15. Bd2 b6 16. Bxa5 bxa5 17. Qa4 Rb8 18. Qxc4 Rb4 19. Qc3 Bd6 20. Nd2 Ba6 21. e3 h5 22. a3 Rb6 23. Bf1 h4 24. Bxa6 Rxa6 25. Kg2 Qg5 26. Rf1 Qg4 27. Rf3 h3+ 28. Kf2 a4 29. Qc2 Rb6 30. Nc4 Rb8 31. Rf5 g6 32. Rf3 Qd7 33. Ke1 Qg4 34. Rf2 Rb3 35. Nxd6 cxd6 36. Kd2 Qd7 37. Re2 Rb5 38. Ke1 Rc5 39. Qd3 Qc7 40. Rf2 Qa5+ 41. Kd1 Rc1+ 42. Kxc1 Qe1+ 43. Kc2 Qxf2+ 44. Qd2 Qg2 45. Kd3 Qf1+ 46. Qe2 Qb1+ 47. Qc2 Qf1+ 48. Qe2 Qb1+ 49. Qc2 Qf1+ 1/2-1/2

[Event "8th Mersin Open 2024"]
[Site "Mersin"]
[Date "2024.11.12"]
[Round "4"]
[White "Gulsoy, Mustafa Alpago"]
[Black "Koksal, Ege"]
[Result "1/2-1/2"]
[ECO "B13"]
[WhiteElo "2040"]
[BlackElo "2316"]
[Annotator "RC"]
[PlyCount "108"]
[EventDate "2024.11.10"]
[EventType "swiss"]
[EventCountry "TUR"]
[SourceTitle "playchess.com"]
[Source "ChessBase"]
[SourceQuality "1"]
[TimeControl "5400+30"]

1. e4 c6 2. d4 d5 3. exd5 cxd5 4. Bd3 Nc6 5. c3 Qc7 6. h3 e6 7. Nf3 Bd6 8. O-O Nge7 9. Re1 h6 10. Qe2 Bd7 11. Ne5 Nxe5 12. dxe5 Bc5 13. Nd2 O-O 14. a4 a6 15. Nb3 Ba7 16. a5 f6 17. Be3 Bb8 18. Bb6 Qxe5 19. Qxe5 fxe5 20. Nc5 Bc8 21. Rad1 Nc6 22. g3 Bd6 23. b4 e4 24. Bb1 Ne5 25. Bxe4 dxe4 26. Rxd6 Nf3+ 27. Kf1 Nxe1 28. Kxe1 e5 29. g4 Rf7 30. Rd8+ Rf8 31. Rd5 Re8 32. Kd2 Rf8 33. Ke3 h5 34. gxh5 Bxh3 35. Nxe4 Bg2 36. Rxe5 Rfe8 37. Rxe8+ Rxe8 38. f3 Bf1 39. Kf2 Bb5 40. Nd6 Re2+ 41. Kg3 Bc6 42. Bd4 Kh7 43. Kf4 Re1 44. Ne4 Rh1 45. Kg4 Bd7+ 46. Kg5 Bc6 47. Ng3 Rh3 48. Kg4 Bd7+ 49. Kf4 Rh4+ 50. Ke5 Rh3 51. Kf4 Rh4+ 52. Ke5 Rh3 53. Bf2 Rh2 54. Bd4 Rh3 1/2-1/2

[Event "8th Mersin Open 2024"]
[Site "Mersin"]
[Date "2024.11.12"]
[Round "4"]
[White "Golshaani, Taha"]
[Black "Isik, Engin Yasar"]
[Result "1-0"]
[ECO "C55"]
[WhiteElo "2026"]
[BlackElo "2172"]
[Annotator "RC"]
[PlyCount "121"]
[EventDate "2024.11.10"]
[EventType "swiss"]
[EventCountry "TUR"]
[SourceTitle "playchess.com"]
[Source "ChessBase"]
[SourceQuality "1"]
[TimeControl "5400+30"]

1. e4 e5 2. Nf3 Nc6 3. Bc4 Nf6 4. d3 h6 5. O-O d6 6. c3 g6 7. d4 Bg4 8. Be2 Bg7 9. Be3 O-O 10. Nbd2 Bd7 11. dxe5 dxe5 12. b4 Nh5 13. g3 Bh3 14. Re1 Qf6 15. Kh1 Bg4 16. Kg2 Qe6 17. Qb3 Bh3+ 18. Kh1 Qc8 19. Bc4 Nd8 20. Be2 Kh7 21. Nc4 Re8 22. Qd1 Bd7 23. Kg1 Bc6 24. Qb1 b6 25. b5 Bb7 26. a4 Nf6 27. Bd3 Nh5 28. a5 Rb8 29. Be2 Qe6 30. Nfd2 Nf6 31. Qc2 Bf8 32. f3 Nd7 33. Nb3 Bc8 34. Rad1 Nb7 35. Rd5 f6 36. axb6 axb6 37. Nb2 Nd6 38. Red1 Bb7 39. R5d2 Ra8 40. c4 Ra3 41. Ra1 Rea8 42. Rdd1 Nf7 43. Bf2 Bd6 44. Rac1 Kg7 45. c5 bxc5 46. Nxc5 Nxc5 47. Bxc5 Bxc5+ 48. Qxc5 Qb3 49. Nc4 Ra2 50. Rd3 Qa4 51. Bf1 Bc8 52. b6 Be6 53. bxc7 Rc2 54. Rxc2 Qxc2 55. Rd8 Rxd8 56. cxd8=Q Nxd8 57. Qe7+ Nf7 58. Qxe6 Ng5 59. Qe7+ Kg8 60. Qxf6 Kh7 61. h4 1-0

[Event "8th Mersin Open 2024"]
[Site "Mersin"]
[Date "2024.11.12"]
[Round "4"]
[White "Zahedifar, Anahita"]
[Black "Akkara, Omer"]
[Result "0-1"]
[ECO "E01"]
[WhiteElo "2008"]
[BlackElo "2103"]
[Annotator "NA RC"]
[PlyCount "126"]
[EventDate "2024.11.10"]
[EventType "swiss"]
[EventCountry "TUR"]
[SourceTitle "playchess.com"]
[Source "ChessBase"]
[SourceQuality "1"]
[TimeControl "5400+30"]

1. c4 c5 2. Nf3 Nf6 3. g3 Nc6 4. Bg2 e6 5. O-O d5 6. cxd5 Nxd5 7. d4 $14 Nf6 8. dxc5 Qxd1 9. Rxd1 Bxc5 10. Nc3 O-O 11. Bf4 e5 12. Nxe5 Nxe5 13. Bxe5 Bxf2+ 14. Kxf2 Ng4+ 15. Kg1 Nxe5 16. b3 Rb8 17. Rac1 Be6 18. Nb5 Bg4 19. Kf2 a6 20. Nd6 b6 21. Rd5 f6 22. Rc7 Be6 23. Rd2 Rfd8 24. h3 h5 25. Ke1 Kf8 26. Ra7 a5 27. Nb5 Rxd2 28. Kxd2 Rd8+ 29. Ke1 h4 30. gxh4 Ng6 31. Nc7 Bf7 32. Ra8 Rxa8 33. Nxa8 b5 34. Nc7 b4 35. Kd2 Nxh4 36. Be4 Ke7 37. Nb5 Be6 38. Nd4 Bxh3 39. Nc6+ Kd6 40. Nxa5 g5 41. Nc4+ Kc5 42. e3 g4 43. Nb2 f5 44. Nd3+ Kb5 45. Bd5 g3 46. Nf4 Kc5 47. Bb7 Bf1 48. Ke1 Bb5 49. Nh5 g2 50. Kf2 Bd3 51. Nf4 Bb1 52. Bxg2 Nxg2 53. Kxg2 Bxa2 54. Ne6+ Kd5 55. Nd4 Ke4 56. Kf2 Kd3 57. Kf3 Kc3 58. Kf4 Bb1 59. Nxf5 Bxf5 60. Kxf5 Kxb3 61. e4 Kc4 62. e5 b3 63. e6 b2 0-1

[Event "8th Mersin Open 2024"]
[Site "Mersin"]
[Date "2024.11.12"]
[Round "4"]
[White "Yigit, Ahmet Yasir"]
[Black "Keloglu, Ismail Cinar"]
[Result "1-0"]
[ECO "B41"]
[WhiteElo "1927"]
[BlackElo "1805"]
[Annotator "NA RC"]
[PlyCount "103"]
[EventDate "2024.11.10"]
[EventType "swiss"]
[EventCountry "TUR"]
[SourceTitle "playchess.com"]
[Source "ChessBase"]
[SourceQuality "1"]
[TimeControl "5400+30"]

1. e4 c5 2. Nf3 e6 3. d4 cxd4 4. Nxd4 a6 5. g3 d5 6. Nf3 Nf6 7. exd5 Qxd5 8. Qxd5 Nxd5 9. Bg2 Be7 10. O-O O-O 11. a3 b5 12. Ne5 Bf6 13. Nd3 Nd7 14. Nd2 Bb7 15. c4 bxc4 16. Nxc4 Bc6 17. Nf4 Nxf4 18. Bxf4 Bxg2 19. Kxg2 Rac8 20. Rac1 g5 21. Be3 Rfd8 22. b4 h6 23. Rfd1 Ne5 24. Rxd8+ Rxd8 25. Nxe5 Bxe5 26. Rc6 Ra8 27. a4 Kf8 28. f4 Bf6 29. Kf3 Ke8 30. fxg5 hxg5 31. Kg4 Rb8 32. Bd2 Be7 33. Rxa6 f5+ 34. Kf3 g4+ 35. Ke2 Bxb4 36. Bf4 Rc8 37. Rxe6+ Kf7 38. Rb6 Ba5 39. Rb5 Re8+ 40. Kd3 Rd8+ 41. Kc4 Rc8+ 42. Rc5 Rxc5+ 43. Kxc5 Ke6 44. Kb5 Be1 45. a5 Kd5 46. a6 Bf2 47. Bc7 f4 48. Bxf4 Ke4 49. Bc7 Ba7 50. Bb6 Bb8 51. Kc6 Kf3 52. Kb7 1-0

[Event "8th Mersin Open 2024"]
[Site "Mersin"]
[Date "2024.11.12"]
[Round "4"]
[White "Kilic, Cihan"]
[Black "Ozturk, Baran"]
[Result "1-0"]
[ECO "D63"]
[WhiteElo "1894"]
[BlackElo "1853"]
[Annotator "NA RC"]
[PlyCount "63"]
[EventDate "2024.11.10"]
[EventType "swiss"]
[EventCountry "TUR"]
[SourceTitle "playchess.com"]
[Source "ChessBase"]
[SourceQuality "1"]
[TimeControl "5400+30"]

1. d4 Nf6 2. Nf3 e6 3. c4 d5 4. Nc3 c6 5. Bg5 Be7 6. e3 O-O 7. Rc1 Nbd7 8. h3 dxc4 9. Bxc4 b5 10. Bd3 Bb7 11. O-O Rc8 12. Qe2 a6 13. Rfd1 Qb6 14. Ne5 Rfe8 15. Nxd7 Nxd7 16. Bxe7 Rxe7 17. Ne4 Rd8 18. Qh5 f5 19. Nc5 Nxc5 20. Rxc5 Red7 21. Bc2 g6 22. Qg5 Kg7 23. Bb3 Re8 24. Rdc1 Qc7 25. Re5 Qd6 26. h4 Rf7 27. Qf4 Qd7 28. Bd1 Rc8 29. h5 h6 30. hxg6 Kxg6 31. Bb3 Rf6 32. Bxe6 1-0

[Event "8th Mersin Open 2024"]
[Site "Mersin"]
[Date "2024.11.12"]
[Round "4"]
[White "Asgharvand, Davood"]
[Black "Oz, Ege"]
[Result "1-0"]
[ECO "C18"]
[WhiteElo "1874"]
[BlackElo "1895"]
[Annotator "NA RC"]
[PlyCount "58"]
[EventDate "2024.11.10"]
[EventType "swiss"]
[EventCountry "TUR"]
[SourceTitle "playchess.com"]
[Source "ChessBase"]
[SourceQuality "1"]
[TimeControl "5400+30"]

1. e4 e6 2. d4 d5 3. Nc3 Bb4 4. e5 c5 5. a3 Bxc3+ 6. bxc3 Qc7 7. Nf3 Bd7 8. Bd3 c4 9. Be2 Ba4 10. O-O h6 11. g3 Ne7 12. Nh4 Nbc6 13. f4 g6 14. Be3 O-O-O 15. Qd2 Rdg8 16. Kh1 Nf5 17. Nxf5 exf5 18. Bf3 Qd7 19. Qg2 Ne7 20. Rab1 g5 21. Bh5 Qe6 22. g4 Bd7 23. fxg5 hxg5 24. gxf5 Nxf5 25. Bg4 Qg6 26. Qxd5 Bc6 27. Bxf5+ Qxf5 28. Qxc6+ Kb8 29. Qd5 Qg6 1-0

[Event "8th Mersin Open 2024"]
[Site "Mersin"]
[Date "2024.11.12"]
[Round "4"]
[White "Azizli, Nurlan"]
[Black "Herdem, Talha"]
[Result "1/2-1/2"]
[ECO "D37"]
[WhiteElo "1853"]
[BlackElo "1884"]
[Annotator "NA RC"]
[PlyCount "56"]
[EventDate "2024.11.10"]
[EventType "swiss"]
[EventCountry "TUR"]
[SourceTitle "playchess.com"]
[Source "ChessBase"]
[SourceQuality "1"]
[TimeControl "5400+30"]

1. d4 Nf6 2. Nf3 e6 3. c4 d5 4. Nc3 a6 5. c5 b6 6. cxb6 c5 7. Bg5 Nbd7 8. e3 $11 Qxb6 9. Qc2 Bd6 10. dxc5 Qxc5 11. Bd3 h6 12. Bh4 Bb7 13. O-O O-O 14. Rac1 Rfc8 15. Rfd1 Rc7 16. Qe2 Qa5 17. Nd4 Rac8 18. Nb3 Qb6 19. Bg3 Bxg3 20. hxg3 Ne5 21. Bb1 Nc4 22. e4 dxe4 23. Nxe4 Nxe4 24. Bxe4 Bxe4 25. Qxe4 Nxb2 26. Rxc7 Qxc7 27. Rd2 Qc4 28. Qb7 Rc7 1/2-1/2

[Event "8th Mersin Open 2024"]
[Site "Mersin"]
[Date "2024.11.12"]
[Round "4"]
[White "Ozen, Ilhami Goktug"]
[Black "Taavoni, Rahim"]
[Result "0-1"]
[ECO "C54"]
[WhiteElo "1841"]
[BlackElo "1958"]
[Annotator "NA RC"]
[PlyCount "56"]
[EventDate "2024.11.10"]
[EventType "swiss"]
[EventCountry "TUR"]
[SourceTitle "playchess.com"]
[Source "ChessBase"]
[SourceQuality "1"]
[TimeControl "5400+30"]

1. e4 e5 2. Nf3 Nc6 3. Bc4 Nf6 4. d3 Bc5 5. O-O d6 6. c3 a6 7. Bb3 Ba7 8. Nbd2 O-O 9. Re1 Ng4 10. Re2 Kh8 11. h3 Nh6 12. Nf1 f5 13. Bxh6 gxh6 14. N1h2 Qf6 15. Rd2 fxe4 16. dxe4 Qg6 17. Kh1 Qxe4 18. Re2 Qf4 19. Bd5 Ne7 20. Be4 Rg8 21. Qc2 d5 22. Bxh7 Rg7 23. Rxe5 Rxh7 24. Rae1 Bc5 25. R5e2 Bf5 26. Qb3 b5 27. Ne5 Rg7 28. Nhf3 Be4 0-1

[Event "8th Mersin Open 2024"]
[Site "Mersin"]
[Date "2024.11.12"]
[Round "4"]
[White "Ilek, Kadir Bertan"]
[Black "Turkmen, Yusuf Cagan"]
[Result "1/2-1/2"]
[ECO "D02"]
[WhiteElo "1827"]
[BlackElo "1942"]
[Annotator "NA RC"]
[PlyCount "36"]
[EventDate "2024.11.10"]
[EventType "swiss"]
[EventCountry "TUR"]
[SourceTitle "playchess.com"]
[Source "ChessBase"]
[SourceQuality "1"]
[TimeControl "5400+30"]

1. d4 d5 2. Bf4 Nf6 3. e3 e6 4. Nd2 Bd6 5. Bg3 O-O 6. Ngf3 c5 7. c3 Qc7 8. Ne5 $11 Nbd7 9. f4 Ne4 10. Bd3 Nxd2 11. Qxd2 f6 12. Nf3 f5 13. Bh4 cxd4 14. cxd4 Nf6 15. O-O Ne4 16. Qe2 Bd7 17. Rfc1 Qb6 18. Be1 Bc8 1/2-1/2

[Event "8th Mersin Open 2024"]
[Site "Mersin"]
[Date "2024.11.12"]
[Round "4"]
[White "Inciroglu, Emir Cihangir"]
[Black "Karaalioglu, Zeynel Mansur"]
[Result "0-1"]
[ECO "C02"]
[WhiteElo "1811"]
[BlackElo "1875"]
[Annotator "NA RC"]
[PlyCount "74"]
[EventDate "2024.11.10"]
[EventType "swiss"]
[EventCountry "TUR"]
[SourceTitle "playchess.com"]
[Source "ChessBase"]
[SourceQuality "1"]
[TimeControl "5400+30"]

1. e4 e6 2. d4 d5 3. e5 c5 4. c3 Qb6 5. Nf3 Nc6 6. a3 Nh6 7. b4 cxd4 8. cxd4 Nf5 9. Be3 f6 10. exf6 gxf6 11. Bd3 Nxe3 12. fxe3 Bh6 13. Qe2 e5 14. Nfd2 O-O 15. Nc3 Be6 16. Na4 Qd8 17. Nb3 e4 18. Bc2 b6 19. Nb2 f5 20. g3 Qg5 21. Nd1 Rac8 22. Qd2 Bf7 23. Rg1 Bh5 24. h4 Qg6 25. Kf1 Ne7 26. Nf2 Bxe3 27. Qxe3 Rxc2 28. Rc1 f4 29. gxf4 Be2+ 30. Qxe2 Qxg1+ 31. Kxg1 Rxe2 32. Ng4 Kh8 33. Ne5 Rc8 34. Rxc8+ Nxc8 35. f5 Rb2 36. Nc5 bxc5 37. bxc5 Kg7 0-1

[Event "8th Mersin Open 2024"]
[Site "Mersin"]
[Date "2024.11.12"]
[Round "4"]
[White "Jabbarli, Farid"]
[Black "Tatlioglu, Ege"]
[Result "0-1"]
[ECO "E05"]
[WhiteElo "1672"]
[BlackElo "1910"]
[Annotator "NA RC"]
[PlyCount "66"]
[EventDate "2024.11.10"]
[EventType "swiss"]
[EventCountry "TUR"]
[SourceTitle "playchess.com"]
[Source "ChessBase"]
[SourceQuality "1"]
[TimeControl "5400+30"]

1. Nf3 d5 2. g3 Nf6 3. Bg2 e6 4. O-O Be7 5. d4 O-O 6. c4 dxc4 7. Qc2 b5 8. a4 b4 9. Ne5 Qxd4 10. Bxa8 Qxe5 11. Bg2 Bc5 12. Bf4 Qh5 13. Qxc4 Ba6 14. Qc2 Nbd7 15. h3 e5 16. g4 Nxg4 17. hxg4 Qxg4 18. Bg3 Qxg3 19. Qxc5 Qxg2+ 20. Kxg2 Nxc5 21. Nd2 Rd8 22. Nf3 Bxe2 23. Rfe1 Bxf3+ 24. Kxf3 Nd3 25. Red1 f5 26. Rac1 e4+ 27. Kg2 Rd6 28. Ra1 a5 29. b3 g5 30. Kf1 g4 31. Ra2 Rh6 32. Kg1 Rh3 33. Rc2 c5 0-1

[Event "8th Mersin Open 2024"]
[Site "Mersin"]
[Date "2024.11.12"]
[Round "4"]
[White "Yaglioglu, Batuhan Alp"]
[Black "Tawel, Ihab."]
[Result "0-1"]
[ECO "B22"]
[WhiteElo "1599"]
[BlackElo "1584"]
[Annotator "NA RC"]
[PlyCount "102"]
[EventDate "2024.11.10"]
[EventType "swiss"]
[EventCountry "TUR"]
[SourceTitle "playchess.com"]
[Source "ChessBase"]
[SourceQuality "1"]
[TimeControl "5400+30"]

1. e4 c5 2. Nf3 d6 3. c3 e5 4. d4 Bg4 5. Bb5+ Nd7 6. dxe5 Bxf3 7. Qxf3 dxe5 8. O-O a6 9. Bc4 Ngf6 10. Rd1 Be7 11. Bg5 Qb6 12. b3 Rd8 13. Na3 h6 14. Bxf6 Qxf6 15. Qe2 O-O 16. Nc2 Nb6 17. Ne3 Rxd1+ 18. Rxd1 Rd8 19. Bd5 Rd7 20. Nc4 Nxc4 21. Qxc4 b5 22. Qe2 Rc7 23. Rd3 Qg5 24. Qd1 Bf8 25. Rg3 Qh4 26. Qf3 Qf4 27. Qxf4 exf4 28. Rd3 b4 29. cxb4 cxb4 30. Bc4 a5 31. Kf1 g5 32. Rd5 a4 33. h4 axb3 34. axb3 Be7 35. Rf5 Bd8 36. Ke2 Kg7 37. Rd5 Bf6 38. Kd3 gxh4 39. e5 Be7 40. Ke4 Bc5 41. f3 Be3 42. Kf5 Rb7 43. Kg4 Rb6 44. Rd7 Rg6+ 45. Kxh4 Bf2+ 46. Kh3 Rg3+ 47. Kh2 Rg5 48. Rxf7+ Kg6 49. Kh3 Rxe5 50. Rxf4 Rh5+ 51. Kg4 Rh4# 0-1

[Event "8th Mersin Open 2024"]
[Site "Mersin"]
[Date "2024.11.12"]
[Round "4"]
[White "Karatiken, Beray"]
[Black "Kocacik, Dogukan"]
[Result "0-1"]
[ECO "A45"]
[WhiteElo "1594"]
[BlackElo "1586"]
[Annotator "NA RC"]
[PlyCount "68"]
[EventDate "2024.11.10"]
[EventType "swiss"]
[EventCountry "TUR"]
[SourceTitle "playchess.com"]
[Source "ChessBase"]
[SourceQuality "1"]
[TimeControl "5400+30"]

1. d4 Nf6 2. Bf4 c5 3. d5 b5 4. c4 b4 5. Nd2 g6 6. e4 Bg7 7. Qc2 Bb7 8. Be2 d6 9. e5 dxe5 10. Bxe5 Nbd7 11. Bf4 O-O 12. Ngf3 Re8 13. O-O e6 14. dxe6 Rxe6 15. Bd3 Ng4 16. h3 Nge5 17. Nxe5 Nxe5 18. Be4 Nc6 19. Bd5 Nd4 20. Qa4 Ne2+ 21. Kh1 Bxd5 22. cxd5 Qxd5 23. Be3 Rxe3 24. fxe3 Qxd2 25. Rf3 Nc1 26. Qc6 Qe1+ 27. Kh2 Be5+ 28. Rf4 Bxf4+ 29. exf4 Rd8 30. Qxc5 Rd1 31. Qxa7 Qh1+ 32. Kg3 Rd3+ 33. Kf2 Rd2+ 34. Ke3 Re2+ 0-1

[Event "8th Mersin Open 2024"]
[Site "Mersin"]
[Date "2024.11.12"]
[Round "4"]
[White "Ulgez, Selin"]
[Black "Akcay, Batin"]
[Result "1-0"]
[ECO "E20"]
[WhiteElo "1569"]
[BlackElo "1573"]
[Annotator "NA RC"]
[PlyCount "39"]
[EventDate "2024.11.10"]
[EventType "swiss"]
[EventCountry "TUR"]
[SourceTitle "playchess.com"]
[Source "ChessBase"]
[SourceQuality "1"]
[TimeControl "5400+30"]

1. d4 Nf6 2. c4 e6 3. Nc3 Bb4 4. f3 c5 5. d5 d6 6. e4 b5 7. cxb5 exd5 8. exd5 O-O 9. Bd3 Kh8 10. Nge2 Bb7 11. Be4 Nxe4 12. fxe4 Qh4+ 13. Ng3 a6 14. O-O Bc8 15. Rf4 Qe7 16. Qh5 g6 17. Qh6 f5 18. Rh4 Rg8 19. Bg5 Qg7 20. Bf6 1-0

[Event "8th Mersin Open 2024"]
[Site "Mersin"]
[Date "2024.11.12"]
[Round "4"]
[White "Dere, Ali Mete"]
[Black "Doygun, Lena"]
[Result "0-1"]
[ECO "C10"]
[WhiteElo "1550"]
[BlackElo "1593"]
[Annotator "NA RC"]
[PlyCount "87"]
[EventDate "2024.11.10"]
[EventType "swiss"]
[EventCountry "TUR"]
[SourceTitle "playchess.com"]
[Source "ChessBase"]
[SourceQuality "1"]
[TimeControl "5400+30"]

1. e4 e6 2. d4 d5 3. Nd2 dxe4 4. Nxe4 Bd7 5. Be3 Bc6 6. Ng3 Nf6 7. Nf3 Be7 8. Bd3 Nbd7 9. O-O O-O 10. Qe2 Bxf3 11. Qxf3 c6 12. c3 Qb6 13. Qe2 c5 14. Rad1 cxd4 15. Bxd4 Bc5 16. Bxc5 Nxc5 17. Bc4 Rfd8 18. Qc2 Rac8 19. Bb3 Nxb3 20. axb3 Rd5 21. Ne2 h6 22. Nc1 Rcd8 23. b4 Ng4 24. Rxd5 Rxd5 25. Nb3 Qd6 26. g3 h5 27. Nd4 Qc7 28. Qa4 Qb8 29. Qd1 Qd8 30. Qf3 Qg5 31. Ra1 a6 32. b5 h4 33. bxa6 bxa6 34. h3 Nh6 35. Kg2 hxg3 36. Qxg3 Qd2 37. Qe3 Rg5+ 38. Kh2 Qxb2 39. Rxa6 Qb8+ 40. f4 Nf5 41. Qe5 Qb2+ 42. Qe2 Nxd4 43. Ra8+ Kh7 44. Ra2 0-1

[Event "8th Mersin Open 2024"]
[Site "Mersin"]
[Date "2024.11.12"]
[Round "4"]
[White "Ozturk, Yucel Mert"]
[Black "Arslan, Hazar"]
[Result "1-0"]
[ECO "D05"]
[WhiteElo "1545"]
[BlackElo "1597"]
[Annotator "NA RC"]
[PlyCount "71"]
[EventDate "2024.11.10"]
[EventType "swiss"]
[EventCountry "TUR"]
[SourceTitle "playchess.com"]
[Source "ChessBase"]
[SourceQuality "1"]
[TimeControl "5400+30"]

1. d4 e6 2. Nf3 Nf6 3. e3 d5 4. Bd3 c5 5. b3 Bd6 6. Nbd2 Nc6 7. Bb2 Qc7 8. a3 e5 9. dxe5 Nxe5 10. Be2 Bd7 11. O-O Bc6 12. c4 O-O 13. h3 Rfd8 14. Qc2 dxc4 15. Nxe5 cxb3 16. Qf5 Bd5 17. Bc4 Bxe5 18. Bxe5 Qc6 19. Bxf6 Qxf6 20. Qxf6 gxf6 21. Bxd5 Rxd5 22. Nxb3 c4 23. Nd4 b5 24. Rfb1 a6 25. Kf1 Re8 26. Ra2 Rc5 27. Ke2 Rb8 28. Kd2 c3+ 29. Kc2 Rd8 30. Rb3 Rdc8 31. Ra1 Rc4 32. Rd1 Ra4 33. Nf5 Kf8 34. Rxc3 Rxc3+ 35. Kxc3 Ke8 36. Kb3 1-0

[Event "8th Mersin Open 2024"]
[Site "Mersin"]
[Date "2024.11.12"]
[Round "4"]
[White "Alim, Mehmet Emir"]
[Black "Ari, Yigitcan"]
[Result "1-0"]
[ECO "C00"]
[WhiteElo "1532"]
[BlackElo "1520"]
[Annotator "NA RC"]
[PlyCount "45"]
[EventDate "2024.11.10"]
[EventType "swiss"]
[EventCountry "TUR"]
[SourceTitle "playchess.com"]
[Source "ChessBase"]
[SourceQuality "1"]
[TimeControl "5400+30"]

1. e4 e6 2. b3 d5 3. Bb2 dxe4 4. Nc3 Nf6 5. g4 h6 6. Bg2 Bd6 7. Nxe4 Nxe4 8. Bxe4 e5 9. d4 Qe7 10. Qe2 Nd7 11. Nf3 exd4 12. Nxd4 Nf6 13. f3 Nxe4 14. fxe4 Qh4+ 15. Kd2 Bf4+ 16. Kc3 Bxg4 17. Qb5+ Ke7 18. Ba3+ Bd6 19. Bxd6+ cxd6 20. Qxb7+ Kf6 21. Raf1+ Kg5 22. Qxf7 Rhf8 23. Qxg7+ 1-0

[Event "8th Mersin Open 2024"]
[Site "Mersin"]
[Date "2024.11.13"]
[Round "5"]
[White "Bernadskiy, Vitaliy"]
[Black "Baradaran Tamadon, Arian"]
[Result "1/2-1/2"]
[ECO "D41"]
[WhiteElo "2543"]
[BlackElo "2323"]
[Annotator "RC"]
[PlyCount "141"]
[EventDate "2024.11.10"]
[EventType "swiss"]
[EventCountry "TUR"]
[SourceTitle "playchess.com"]
[Source "ChessBase"]
[SourceQuality "1"]
[TimeControl "5400+30"]

1. d4 d5 2. c4 e6 3. Nf3 Nf6 4. Nc3 c5 5. cxd5 cxd4 6. Qa4+ Bd7 7. Qxd4 exd5 8. Bg5 Be7 9. e3 Nc6 10. Qd3 O-O 11. Be2 Be6 12. O-O Qd7 13. Rfd1 Rfd8 14. Nd4 Ne5 15. Qb5 a6 16. Qxd7 Nexd7 17. e4 dxe4 18. Nxe6 fxe6 19. Nxe4 Nb6 20. Nc3 h6 21. Bh4 g5 22. Bg3 Nbd5 23. Nxd5 exd5 24. Bc7 Rd7 25. Bb6 Re8 26. Bd3 Kf7 27. Bc2 Rd6 28. Bd4 Rc6 29. Bb3 Bc5 30. Kf1 Bxd4 31. Rxd4 Rc5 32. Rad1 Rd8 33. f3 b5 34. R1d2 a5 35. a3 Rc1+ 36. Kf2 Ke6 37. h4 Ke5 38. hxg5 hxg5 39. R4d3 a4 40. Bc2 d4 41. b3 Rc8 42. Bd1 axb3 43. Rxb3 R8c5 44. Be2 Nd5 45. Rxb5 Rxb5 46. Bxb5 Nc3 47. a4 Ra1 48. Kg3 Nxa4 49. Kg4 Nc3 50. Bd7 Ra7 51. Bf5 Kf6 52. Rb2 Nd5 53. Be4 Ne3+ 54. Kh5 Rg7 55. Rb6+ Ke5 56. g3 Nf1 57. Rb5+ Kf6 58. Kh6 Rg8 59. Rb6+ Ke5 60. Kh7 Rd8 61. Rb5+ Kf6 62. Rf5+ Ke6 63. Bd3 Nxg3 64. Rxg5 Nh1 65. Kg7 Nf2 66. Bc4+ Kd6 67. f4 d3 68. Rd5+ Kc7 69. Bxd3 Nxd3 70. f5 Ne5 71. f6 1/2-1/2

[Event "8th Mersin Open 2024"]
[Site "Mersin"]
[Date "2024.11.13"]
[Round "5"]
[White "Ebrahimi Herab, Hamidreza"]
[Black "Annaberdiyev, Meylis"]
[Result "1/2-1/2"]
[ECO "E74"]
[WhiteElo "2386"]
[BlackElo "2443"]
[Annotator "RC"]
[PlyCount "121"]
[EventDate "2024.11.10"]
[EventType "swiss"]
[EventCountry "TUR"]
[SourceTitle "playchess.com"]
[Source "ChessBase"]
[SourceQuality "1"]
[TimeControl "5400+30"]

1. d4 Nf6 2. c4 g6 3. Nc3 Bg7 4. e4 d6 5. Be2 O-O 6. Bg5 c5 7. d5 h6 8. Bf4 e6 9. Qd2 exd5 10. exd5 g5 11. Be3 Ng4 12. Bxg4 Bxg4 13. h3 Bf5 14. h4 f6 15. f4 Nd7 16. Nge2 Qe7 17. O-O Rae8 18. Bf2 gxf4 19. Nxf4 Ne5 20. b3 Qd7 21. Rae1 a6 22. a4 Ng4 23. Bg3 Rxe1 24. Rxe1 Re8 25. Ne6 Ne5 26. Bxe5 fxe5 27. Ne4 b6 28. Qxh6 Bxh6 29. Nf6+ Kf7 30. Nxd7 Ke7 31. Nxb6 Bd2 32. Rf1 Bg4 33. Ng5 Be3+ 34. Kh1 Bxg5 35. hxg5 Rg8 36. a5 Rxg5 37. Re1 Bf5 38. Re3 Kf6 39. Na4 e4 40. Kg1 Ke5 41. Kf2 Kd4 42. Re2 Bg6 43. Rd2+ Ke5 44. b4 Kf4 45. Re2 cxb4 46. c5 Rxd5 47. c6 Bf5 48. g3+ Ke5 49. Nb6 Rd3 50. Rb2 Rf3+ 51. Ke2 Rc3 52. Rxb4 Rc2+ 53. Ke3 Rxc6 54. Rc4 Rc5 55. g4 Bxg4 56. Rxe4+ Kf5 57. Rd4 Re5+ 58. Kd2 Rxa5 59. Rxd6 Ke4 60. Nc4 Ra1 61. Kc3 1/2-1/2